[Event "Early Titled Tuesday Blitz | February 8 2022"]
[White "Ozkan, Taha"]
[Black "Manelyuk, Daniil"]
[WhiteFideId "34577173"]
[BlackFideId "44173920"]
[WhiteElo "2024"]
[BlackElo "2222"]
[Result "0-1"]
[Round "10"]
[TimeControl "180+1"]
[Date "2022.02.08"]
[WhiteClock "0:01:56"]
[BlackClock "0:02:36"]

1. d4 Nf6 2. c4 c5 3. d5 b5 4. cxb5 a6 5. bxa6 g6 6. Nc3 Bg7 7. e4 O-O 8. Nf3 Qa5 9. Bd2 Bxa6 10. Bxa6 Qxa6 11. Qe2 d6 12. Qxa6 Nxa6 13. O-O Rfb8 14. b3 Nd7 15. a4 Rxb3 16. Rac1 Nb4 17. Rb1 Rxc3 18. Bxc3 Bxc3 19. Rb3 Bg7 20. Ra3 Nb6 21. a5 Nc4 22. Ra4 Rxa5 23. Rxa5 Nxa5 24. Nd2 c4 25. Rb1 c3 26. Rxb4 cxd2 27. Rb1 Nc4 28. Kf1 Nb2 29. Ke2 d1=Q+ 30. Rxd1 Nxd1 31. Kxd1 Bd4 32. Ke2 f5 33. exf5 gxf5 34. Kf3 Kf7 35. Kf4 Kf6 36. f3 Be5+ 37. Ke3 Bxh2 38. f4 0-1


[Site "https://www.chess.com"]

[Event "Early Titled Tuesday Blitz | February 8 2022"]
[White "Pakleza, Zbigniew"]
[Black "Howell, David W L"]
[WhiteFideId "1119290"]
[BlackFideId "410608"]
[WhiteElo "2467"]
[BlackElo "2559"]
[Result "1/2-1/2"]
[Round "10"]
[TimeControl "180+1"]
[Date "2022.02.08"]
[WhiteClock "0:00:06"]
[BlackClock "0:00:12"]

1. d4 Nf6 2. Nf3 g6 3. Bf4 Bg7 4. e3 O-O 5. Be2 c5 6. c3 Qb6 7. Qb3 d6 8. Nbd2 Be6 9. Qxb6 axb6 10. a3 Bd7 11. h3 Bc6 12. O-O Nbd7 13. Rfe1 b5 14. Bf1 Rfe8 15. Bh2 e5 16. Red1 h6 17. Rac1 c4 18. Ne1 Nb6 19. Nc2 Na4 20. Rb1 Rad8 21. g4 h5 22. g5 Ne4 23. h4 Nexc3 24. bxc3 Nxc3 25. Bg2 exd4 26. Nxd4 Bxd4 27. exd4 Ne2+ 28. Kf1 Bxg2+ 29. Kxg2 c3 30. Rxb5 c2 31. Ra1 c1=Q 32. Rxc1 Nxc1 33. Nc4 Ne2 34. Nxd6 Re6 35. Nxb7 Rxd4 36. Be5 Rg4+ 37. Kf3 Nd4+ 38. Bxd4 Rxd4 39. Nc5 Re5 40. Rb8+ Kg7 41. Nb3 Rd3+ 42. Kg2 Rf5 43. a4 Rf4 44. Nc5 Rc3 45. Nd7 Ra3 46. Nf6 Rxf6 47. gxf6+ Kxf6 48. Rb4 Kf5 49. f3 Ra2+ 50. Kg3 Ra3 51. Rb5+ 1/2-1/2


[Site "https://www.chess.com"]

[Event "Early Titled Tuesday Blitz | February 8 2022"]
[White "Pavlidou, Ekaterini"]
[Black "Camacho Collados, Jose"]
[WhiteFideId "4213262"]
[BlackFideId "2265427"]
[WhiteElo "2127"]
[BlackElo "2351"]
[Result "1/2-1/2"]
[Round "10"]
[TimeControl "180+1"]
[Date "2022.02.08"]
[WhiteClock "0:00:14"]
[BlackClock "0:00:04"]

1. d4 Nf6 2. c4 e6 3. Nf3 Bb4+ 4. Bd2 c5 5. e3 O-O 6. a3 Bxd2+ 7. Qxd2 cxd4 8. exd4 d5 9. c5 Nc6 10. Nc3 e5 11. dxe5 Re8 12. Be2 Nxe5 13. O-O-O Neg4 14. Rhf1 Bf5 15. Nd4 Bg6 16. h3 Ne5 17. f4 Ned7 18. f5 Nxc5 19. fxg6 hxg6 20. Bb5 Re7 21. Rde1 a6 22. Bd3 Nfe4 23. Bxe4 dxe4 24. Kb1 Nd3 25. Rxe4 Rxe4 26. Nxe4 Qxd4 27. Nf2 Qxb2+ 28. Qxb2 Nxb2 29. Kxb2 Re8 30. Rc1 Re3 31. Rc3 Re2+ 32. Rc2 Re3 33. Ng4 Re4 34. Nf2 Re3 35. Nd1 Rg3 36. Nc3 f5 37. Nd5 Kf7 38. Nf4 Kf6 39. h4 Ke5 40. Rf2 b5 41. Ne2 Rg4 42. g3 a5 43. Rf4 Rxg3 44. Rxf5+ gxf5 45. Nxg3 f4 46. Nh5 f3 47. Kc2 f2 48. Ng3 Kf4 49. Nf1 Kf3 50. Kd2 b4 51. axb4 axb4 52. h5 b3 53. Kc3 Kg4 54. Kxb3 Kxh5 55. Kc2 Kg4 56. Kd2 Kf3 57. Kd3 g5 58. Kd2 g4 59. Nh2+ Kg3 60. Nf1+ Kf3 61. Nh2+ Kf4 62. Ke2 g3 63. Nf1 Kg4 64. Ke3 Kh3 65. Kf3 Kh4 66. Kg2 Kg4 67. Ne3+ Kf4 68. Nf1 Kg4 69. Nxg3 Kf4 70. Nh1 Ke3 71. Kf1 Kf3 72. Nxf2 1/2-1/2


[Site "https://www.chess.com"]

[Event "Early Titled Tuesday Blitz | February 8 2022"]
[White "Pesotskiy, Mikhail"]
[Black "Lagunov, Evgenij"]
[WhiteFideId "34164453"]
[BlackFideId "4125363"]
[WhiteElo "2010"]
[BlackElo "2200"]
[Result "1-0"]
[Round "10"]
[TimeControl "180+1"]
[Date "2022.02.08"]
[WhiteClock "0:00:36"]
[BlackClock "0:00:02"]

1. d4 Nf6 2. c4 e6 3. Nc3 d5 4. cxd5 exd5 5. Bg5 c6 6. e3 Bf5 7. Qb3 b6 8. Nge2 Be7 9. Ng3 Bg6 10. Be2 O-O 11. O-O Nbd7 12. Rac1 a5 13. a4 h6 14. Bf4 Bb4 15. Rfd1 Re8 16. Na2 Bf8 17. Rxc6 Ne4 18. Qxd5 Nxg3 19. Bf3 Be4 20. Bxe4 Nxe4 21. Rdc1 Nef6 22. Qb3 Qe7 23. Nc3 Ne4 24. Nd5 Qh4 25. f3 Qf2+ 26. Kh1 Ng5 27. R6c2 Qh4 28. Nc7 Ne6 29. Bg3 Qg5 30. Nxa8 Rxa8 31. Qb5 Qxb5 32. axb5 Bb4 33. Rc7 Nf6 34. Rb7 Nd5 35. e4 Ne3 36. d5 Nc5 37. Rxb6 Na4 38. Rb8+ Rxb8 39. Bxb8 Nxb2 40. b6 a4 41. b7 1-0


[Site "https://www.chess.com"]

[Event "Early Titled Tuesday Blitz | February 8 2022"]
[White "Petesch, Gabriel"]
[Black "Shkapenko, Pavel"]
[WhiteFideId "2032465"]
[BlackFideId "4151933"]
[WhiteElo "2374"]
[BlackElo "2386"]
[Result "0-1"]
[Round "10"]
[TimeControl "180+1"]
[Date "2022.02.08"]
[WhiteClock "0:00:01"]
[BlackClock "0:00:12"]

1. Nf3 Nf6 2. g3 d5 3. Bg2 Bg4 4. O-O Nbd7 5. c4 e6 6. cxd5 exd5 7. b3 Be7 8. d3 O-O 9. Bb2 c6 10. Nbd2 Re8 11. a3 Bf8 12. b4 a5 13. Rb1 axb4 14. axb4 h6 15. Bd4 Ra2 16. Qb3 Qa8 17. Ra1 Rxa1 18. Rxa1 Qb8 19. e3 Qd6 20. Ra7 Rb8 21. Bc3 Bf5 22. e4 dxe4 23. Nd4 Bg6 24. dxe4 c5 25. Nc4 Qe7 26. Nf5 Bxf5 27. exf5 cxb4 28. Bd4 Qe1+ 29. Bf1 Bc5 30. Ra1 Qe7 31. Rd1 Bxd4 32. Rxd4 Qc5 33. Rd1 Qxf5 34. Nd6 Qh5 35. Nxf7 Nc5 36. Nxh6+ Kh7 37. Qc2+ Kxh6 38. Be2 Qe5 39. Bf3 b3 40. Qc1+ Qg5 41. Qb1 b6 42. h4 Qe5 43. Re1 Qc3 44. Re3 Qc2 45. Qe1 b2 46. Bd1 b1=Q 47. Bxc2 Qxc2 48. Kg2 Nd3 49. Qb1 Qxb1 0-1


[Site "https://www.chess.com"]

[Event "Early Titled Tuesday Blitz | February 8 2022"]
[White "Piesik, Piotr"]
[Black "Vakhlamov, Igor L."]
[WhiteFideId "1136194"]
[BlackFideId "24126748"]
[WhiteElo "2232"]
[BlackElo "2401"]
[Result "0-1"]
[Round "10"]
[TimeControl "180+1"]
[Date "2022.02.08"]
[WhiteClock "0:01:57"]
[BlackClock "0:01:07"]

1. Nf3 d5 2. g3 Nc6 3. Bg2 e5 4. d3 Nf6 5. O-O Be7 6. Nbd2 O-O 7. e4 dxe4 8. dxe4 Bc5 9. c3 a5 10. Qc2 Qe7 11. Nc4 h6 12. Be3 Be6 13. Bxc5 Qxc5 14. Ne3 Rfd8 15. Rfd1 b5 16. Bf1 Ng4 17. Nxg4 Bxg4 18. Be2 Bxf3 19. Bxf3 Nd4 20. Qd3 Ne6 21. Qe2 c6 22. Bg4 Nc7 23. Rxd8+ Rxd8 24. Rd1 Qe7 25. Rd3 g6 26. Qd2 Rxd3 27. Qxd3 h5 28. Qd7 Qxd7 29. Bxd7 c5 30. f4 f6 31. Kf2 Kf7 32. h4 Ke7 33. Bc8 Kd6 34. Ke3 c4 0-1


[Site "https://www.chess.com"]

[Event "Early Titled Tuesday Blitz | February 8 2022"]
[White "Pires, Marcos Vinicius Torsani"]
[Black "Begunov, Konstantin"]
[WhiteFideId "2118939"]
[BlackFideId "4118510"]
[WhiteElo "2273"]
[BlackElo "2262"]
[Result "0-1"]
[Round "10"]
[TimeControl "180+1"]
[Date "2022.02.08"]
[WhiteClock "0:01:03"]
[BlackClock "0:00:18"]

1. d4 d5 2. Bf4 c6 3. e3 Nf6 4. Nf3 Bg4 5. c4 e6 6. Nc3 Nbd7 7. Be2 Be7 8. Qb3 Qb6 9. c5 Qxb3 10. axb3 a6 11. b4 Rc8 12. h3 Bh5 13. O-O Ne4 14. Rfe1 O-O 15. Nxe4 dxe4 16. Nd2 Bxe2 17. Rxe2 f5 18. Nc4 Ra8 19. Na5 Ra7 20. Bc7 Bd8 21. Bd6 Re8 22. f3 Bxa5 23. bxa5 Nf6 24. Ra3 Rd8 25. Rb3 Rd7 26. Rc2 Nd5 27. Kf2 Ra8 28. fxe4 fxe4 29. Kg3 Rad8 30. Rf2 h6 31. h4 Kh7 32. h5 Kg8 33. Kh4 Re8 34. g4 Red8 35. Rf1 Re8 36. g5 hxg5+ 37. Kxg5 Kh7 38. Rf2 Red8 39. Ra3 Kg8 40. Rb3 Kh7 41. Be5 Re8 42. Ra3 Ree7 43. Bf4 Rf7 44. Ra1 Rf5+ 45. Kg4 Rdf7 46. Raf1 g5 47. hxg6+ Kxg6 48. Kg3 Kg7 49. Kh4 Nxf4 50. exf4 e3 51. Re2 Rxf4+ 52. Rxf4 Rxf4+ 53. Kg3 Rxd4 54. Rxe3 Kf6 55. Rb3 Rd7 56. Kf4 e5+ 57. Ke4 Ke6 58. Rh3 Rd4+ 59. Ke3 Rb4 60. Rh2 Kd5 61. Kd3 Kxc5 62. Re2 Kd5 63. Kc3 c5 64. Rd2+ Ke4 65. Re2+ Kf4 66. Rf2+ Ke3 67. Rf7 e4 68. Re7 Rb5 69. b3 Kf3 70. Rf7+ Ke2 71. Rh7 Rxa5 72. Rxb7 e3 73. Rh7 Ra1 74. Rh2+ Kf3 75. Kc4 Rd1 76. Kxc5 e2 77. Rxe2 Kxe2 0-1


[Site "https://www.chess.com"]

[Event "Early Titled Tuesday Blitz | February 8 2022"]
[White "Potapova, Margarita"]
[Black "Kalogridis, Antonios"]
[WhiteFideId "14126869"]
[BlackFideId "25833901"]
[WhiteElo "2209"]
[BlackElo "1495"]
[Result "1-0"]
[Round "10"]
[TimeControl "180+1"]
[Date "2022.02.08"]
[WhiteClock "0:00:07"]
[BlackClock "0:00:07"]

1. d4 a6 2. e4 e6 3. Bd3 b5 4. a4 b4 5. Nf3 Bb7 6. O-O g6 7. Nbd2 Bg7 8. Nb3 a5 9. Bg5 f6 10. Be3 Ne7 11. Qd2 O-O 12. c3 Nbc6 13. Nc5 Bc8 14. d5 bxc3 15. bxc3 Ne5 16. Nxe5 fxe5 17. dxe6 d6 18. Nd7 Bxd7 19. exd7 Qxd7 20. Bb5 c6 21. Be2 d5 22. Rfd1 Kh8 23. Bc5 Rfd8 24. Qg5 Re8 25. Bg4 Qd8 26. Be6 d4 27. Bf7 h6 28. Qh4 g5 29. Qh5 Rf8 30. cxd4 exd4 31. e5 Qc7 32. Bd6 Qd7 33. Rxd4 Nf5 34. Bxf8 Qxd4 35. Bxg7+ Kxg7 36. Re1 Nh4 37. Bb3 Rb8 38. Qf7+ Kh8 39. Qf6+ Kh7 40. Bc2+ Kg8 41. Qe6+ Kh8 42. Qf6+ Kg8 43. Qe6+ Kg7 44. Qe7+ Kg8 45. Qh7+ Kf8 46. Qh8+ Ke7 47. Qxb8 Qd2 48. Qd6+ Qxd6 49. exd6+ Kxd6 50. Be4 c5 51. g3 1-0


[Site "https://www.chess.com"]

[Event "Early Titled Tuesday Blitz | February 8 2022"]
[White "Pourramezanali, Amirreza"]
[Black "Yuan, Qingyu"]
[WhiteFideId "12511412"]
[BlackFideId "8609772"]
[WhiteElo "2376"]
[BlackElo "2359"]
[Result "0-1"]
[Round "10"]
[TimeControl "180+1"]
[Date "2022.02.08"]
[WhiteClock "0:01:12"]
[BlackClock "0:00:36"]

1. d4 d5 2. c4 e6 3. Nc3 Nf6 4. cxd5 exd5 5. Bg5 c6 6. e3 h6 7. Bh4 Be7 8. Bd3 O-O 9. Qc2 Re8 10. Nge2 Nbd7 11. O-O a5 12. f3 b5 13. Bf2 Ba6 14. a4 b4 15. Bxa6 Rxa6 16. Nb1 c5 17. dxc5 Bxc5 18. Nd4 Bxd4 19. exd4 Rae6 20. Nd2 Qb6 21. Qd3 Re2 22. b3 Nh5 23. g3 Qg6 24. Qxg6 fxg6 25. Rfe1 Nhf6 26. Rxe2 Rxe2 27. Rd1 Re6 28. Rc1 Re2 29. Rc2 g5 30. Kf1 Re6 31. g4 Kf7 32. Bg3 Re3 33. Bc7 Rc3 34. Rxc3 bxc3 35. Ke2 c2 0-1


[Site "https://www.chess.com"]

[Event "Early Titled Tuesday Blitz | February 8 2022"]
[White "Praggnanandhaa R"]
[Black "Shyaamnikhil P"]
[WhiteFideId "25059530"]
[BlackFideId "5024218"]
[WhiteElo "2599"]
[BlackElo "2292"]
[Result "1-0"]
[Round "10"]
[TimeControl "180+1"]
[Date "2022.02.08"]
[WhiteClock "0:01:00"]
[BlackClock "0:00:06"]

1. Nf3 Nf6 2. g3 g6 3. Bg2 Bg7 4. O-O O-O 5. d3 c5 6. e4 Nc6 7. c3 d6 8. Re1 Ne8 9. d4 cxd4 10. cxd4 e5 11. d5 Ne7 12. Nc3 h6 13. Nh4 Kh7 14. Be3 f5 15. exf5 Nxf5 16. Nxf5 gxf5 17. f4 Nf6 18. fxe5 dxe5 19. Bc5 Re8 20. d6 e4 21. Rc1 b6 22. Be3 Ba6 23. Bh3 Ng4 24. Bxg4 fxg4 25. Qd5 Re5 26. Qd1 Bd3 27. Bf4 Qxd6 28. Bxe5 Bxe5 29. Nxe4 Qd4+ 30. Nf2 Bf5 31. Rc7+ Kg6 32. Rc6+ Kh5 33. Qc1 Rh8 34. Rd1 Qb4 35. Rd5 Qe7 36. Qe3 1-0


[Site "https://www.chess.com"]

[Event "Early Titled Tuesday Blitz | February 8 2022"]
[White "Prieto Aranguren, Alain"]
[Black "Silich, Yahor"]
[WhiteFideId "2268906"]
[BlackFideId "13513656"]
[WhiteElo "2235"]
[BlackElo "2101"]
[Result "0-1"]
[Round "10"]
[TimeControl "180+1"]
[Date "2022.02.08"]
[WhiteClock "0:01:07"]
[BlackClock "0:02:34"]

1. e4 c5 2. Nf3 Nc6 3. d4 cxd4 4. Nxd4 Qb6 5. Nb3 Nf6 6. Be3 Qc7 7. f3 e6 8. Nc3 Bb4 9. Qd2 d5 10. exd5 Nxd5 11. Bc5 Nxc3 12. bxc3 Bxc5 13. Nxc5 Qe5+ 14. Ne4 f5 15. Bd3 fxe4 16. fxe4 O-O 17. O-O-O Qf4 18. Qxf4 Rxf4 19. e5 Nxe5 20. Rde1 Nxd3+ 21. cxd3 Bd7 22. Re4 Rxe4 23. dxe4 Kf7 24. Rf1+ Ke7 25. Rf4 Rf8 26. Rh4 h6 27. Rg4 g5 28. h4 Rf4 0-1


[Site "https://www.chess.com"]

[Event "Early Titled Tuesday Blitz | February 8 2022"]
[White "Quirke, Jeffrey"]
[Black "Bashirli, Saadat"]
[WhiteFideId "2013029"]
[BlackFideId "13429990"]
[WhiteElo "2251"]
[BlackElo "1173"]
[Result "1-0"]
[Round "10"]
[TimeControl "180+1"]
[Date "2022.02.08"]
[WhiteClock "0:01:21"]
[BlackClock "0:01:08"]

1. d4 d5 2. c4 e6 3. Nc3 c6 4. e3 dxc4 5. Bxc4 b5 6. Bd3 Bb7 7. Nf3 Nf6 8. e4 Bb4 9. O-O O-O 10. e5 Nd5 11. Bxh7+ Kh8 12. Ng5 g6 13. Qg4 Kg7 14. Bxg6 Nd7 15. Bxf7 Rxf7 16. Nxe6+ Kh8 17. Nxd8 Rxd8 18. Nxd5 cxd5 19. Qh4+ Kg7 20. Qxd8 Nb6 21. Qg5+ Kf8 22. Qh6+ Ke7 23. Bg5+ Ke8 24. e6 Rf8 25. Qg6+ 1-0


[Site "https://www.chess.com"]

[Event "Early Titled Tuesday Blitz | February 8 2022"]
[White "Rakhmanov, Aleksandr"]
[Black "Deac, Bogdan-Daniel"]
[WhiteFideId "4173708"]
[BlackFideId "1226380"]
[WhiteElo "2500"]
[BlackElo "2646"]
[Result "0-1"]
[Round "10"]
[TimeControl "180+1"]
[Date "2022.02.08"]
[WhiteClock "0:00:01"]
[BlackClock "0:00:09"]

1. d4 Nf6 2. c4 g6 3. Nc3 d5 4. Nf3 Bg7 5. cxd5 Nxd5 6. Qa4+ Nc6 7. e4 Nb6 8. Qc2 Bxd4 9. Bb5 Bd7 10. Bxc6 Bxc6 11. Bh6 e5 12. O-O-O Qf6 13. h4 O-O-O 14. Bg5 Qe6 15. Bxd8 Rxd8 16. Rhe1 Bxc3 17. Rxd8+ Kxd8 18. Qxc3 f6 19. b3 Qg4 20. Qc5 Ke8 21. Kb2 Qxg2 22. Nxe5 fxe5 23. Qxe5+ Kf7 24. Qxc7+ Nd7 25. Qf4+ Ke8 26. e5 Nc5 27. Re3 Qd5 28. e6 Qd2+ 29. Ka3 Qc1+ 30. Kb4 Nd3+ 31. Rxd3 Qxf4+ 0-1


[Site "https://www.chess.com"]

[Event "Early Titled Tuesday Blitz | February 8 2022"]
[White "Ratnakaran, K."]
[Black "Muradov, Soltan"]
[WhiteFideId "5005507"]
[BlackFideId "14002108"]
[WhiteElo "2391"]
[BlackElo "1854"]
[Result "1-0"]
[Round "10"]
[TimeControl "180+1"]
[Date "2022.02.08"]
[WhiteClock "0:02:02"]
[BlackClock "0:00:32"]

1. e4 c5 2. Nf3 Nc6 3. Bb5 e6 4. O-O Nge7 5. Re1 a6 6. Bf1 d5 7. exd5 Nxd5 8. d4 cxd4 9. Nxd4 Be7 10. Nxc6 bxc6 11. c4 Nf6 12. Qf3 Bb7 13. Nc3 O-O 14. Bf4 Qa5 15. Rad1 Rfd8 16. a3 Rxd1 17. Rxd1 Rd8 18. Rxd8+ Qxd8 19. b4 Qd7 20. Be5 c5 21. Qg3 cxb4 22. axb4 h6 23. c5 Qd2 24. Bxf6 Bxf6 25. Qb8+ Kh7 26. Qxb7 Bxc3 27. Qxf7 Bxb4 28. c6 Bd6 29. Qxe6 Bc7 30. g3 Qa5 31. Bd3+ Kh8 32. Qe8# 1-0


[Site "https://www.chess.com"]

[Event "Early Titled Tuesday Blitz | February 8 2022"]
[White "Rodchenkov, Sergey D."]
[Black "Delorme, Alban"]
[WhiteFideId "4168712"]
[BlackFideId "623636"]
[WhiteElo "2306"]
[BlackElo "2197"]
[Result "1-0"]
[Round "10"]
[TimeControl "180+1"]
[Date "2022.02.08"]
[WhiteClock "0:00:44"]
[BlackClock "0:00:04"]

1. e4 c5 2. Nf3 d6 3. d4 cxd4 4. Nxd4 Nf6 5. Nc3 a6 6. Bg5 e6 7. f4 Be7 8. Qf3 Qc7 9. O-O-O Nbd7 10. g4 b5 11. Bxf6 Nxf6 12. g5 Nd7 13. f5 Nc5 14. f6 gxf6 15. gxf6 Bf8 16. Rg1 Bb7 17. a3 O-O-O 18. Bh3 Kb8 19. Kb1 h5 20. b4 e5 21. Nb3 Ne6 22. Nd5 Bxd5 23. exd5 Nf4 24. Na5 Nxh3 25. Qxh3 Rc8 26. Nc6+ Kb7 27. c4 bxc4 28. Rc1 Qb6 29. Rg2 Bh6 30. Rxc4 Qb5 31. Qd7+ Rc7 32. Na5+ Qxa5 33. Qc6+ Rxc6 34. dxc6+ Kc7 35. bxa5 Be3 36. Rb2 1-0


[Site "https://www.chess.com"]

[Event "Early Titled Tuesday Blitz | February 8 2022"]
[White "Roman, Rodrigo"]
[Black "Zanette, Edgard Vinicius"]
[WhiteFideId "3701220"]
[BlackFideId "2109263"]
[WhiteElo "2001"]
[BlackElo "2182"]
[Result "0-1"]
[Round "10"]
[TimeControl "180+1"]
[Date "2022.02.08"]
[WhiteClock "0:02:09"]
[BlackClock "0:01:32"]

1. d4 d5 2. Nf3 Nf6 3. e3 c5 4. Bd3 Nc6 5. b3 cxd4 6. exd4 Bg4 7. Bb2 e6 8. O-O Bd6 9. Nbd2 O-O 10. a3 Rc8 11. Be2 Ne4 12. h3 Bf5 13. Bd3 Bg6 14. c4 Nxf2 15. Rxf2 Bxd3 16. c5 Bg3 17. Nf1 Bxf2+ 18. Kxf2 Be4 19. Ng3 f5 20. Ne5 Nxe5 21. dxe5 Rxc5 22. Qd4 Rc2+ 23. Ne2 Qh4+ 24. Kg1 Rxe2 0-1


[Site "https://www.chess.com"]

[Event "Early Titled Tuesday Blitz | February 8 2022"]
[White "Rudykh, Stepan"]
[Black "Kazarian, Anna-Maja"]
[WhiteFideId "4180321"]
[BlackFideId "1033689"]
[WhiteElo "2146"]
[BlackElo "2004"]
[Result "0-1"]
[Round "10"]
[TimeControl "180+1"]
[Date "2022.02.08"]
[WhiteClock "0:00:29"]
[BlackClock "0:00:51"]

1. e4 e6 2. d4 d5 3. Nd2 Nf6 4. e5 Nfd7 5. Bd3 c5 6. c3 Nc6 7. Ne2 cxd4 8. cxd4 f6 9. exf6 Qxf6 10. Nf3 h6 11. O-O Bd6 12. Re1 O-O 13. Ng3 Rd8 14. a3 a5 15. Bc2 Nf8 16. Qd3 Bd7 17. Bd2 Be8 18. Rac1 Bg6 19. Qb5 Bxc2 20. Rxc2 Nxd4 21. Nxd4 Qxd4 22. Be3 Qf6 23. Qxb7 Rab8 24. Qa7 e5 25. Bb6 Re8 26. Qxa5 e4 27. Qxd5+ Kh8 28. Nxe4 Rxe4 29. Rxe4 Rxb6 30. Re8 Kh7 31. b4 Qa1+ 0-1


[Site "https://www.chess.com"]

[Event "Early Titled Tuesday Blitz | February 8 2022"]
[White "Rustemov, Alexander"]
[Black "Cherniaiev, Tykhon"]
[WhiteFideId "4119002"]
[BlackFideId "14182360"]
[WhiteElo "2827"]
[BlackElo "2289"]
[Result "1-0"]
[Round "10"]
[TimeControl "180+1"]
[Date "2022.02.08"]
[WhiteClock "0:00:07"]
[BlackClock "0:00:13"]

1. d4 Nf6 2. c4 e6 3. Nf3 d5 4. Nc3 Bb4 5. Bg5 h6 6. Bxf6 Qxf6 7. e3 O-O 8. Qb3 Bxc3+ 9. bxc3 dxc4 10. Bxc4 Nc6 11. Be2 e5 12. O-O e4 13. Nd2 Qe7 14. a4 b6 15. Qa3 Bb7 16. Qxe7 Nxe7 17. a5 Rad8 18. axb6 axb6 19. Ra7 Ba8 20. Rfa1 Nd5 21. c4 Nc3 22. Bf1 c5 23. Nb3 cxd4 24. Nxd4 b5 25. cxb5 Bd5 26. Rc1 Rc8 27. Rd7 Be6 28. Re7 Rfd8 29. Ra1 Bc4 30. Nc6 Bxf1 31. Nxd8 Rxd8 32. Kxf1 Nxb5 33. Rxe4 Rc8 34. Re7 Nd6 35. Rd1 Nf5 36. Re5 g6 37. g3 h5 38. h3 Kg7 39. Red5 Rc2 40. R1d2 Rc1+ 41. Kg2 Rc3 42. Rd7 Kg8 43. Ra7 Kg7 44. Rdd7 Nh6 45. g4 hxg4 46. hxg4 Rc5 47. f4 Nxg4 48. Rxf7+ Kg8 49. Kf3 Nh2+ 50. Ke4 Ng4 51. Rfc7 Nf6+ 52. Kf3 Rxc7 53. Rxc7 Kf8 54. e4 Kg8 55. e5 Ne8 56. Ra7 Ng7 57. Kg4 Ne6 58. f5 gxf5+ 59. Kxf5 Ng7+ 60. Kg6 Ne8 61. Ra8 Kf8 62. Kf5 Ke7 63. Ra7+ Kd8 64. Ke6 Nc7+ 65. Rxc7 Kxc7 66. Kf7 Kd7 67. e6+ Kd6 68. e7 Kd7 69. e8=Q+ Kc7 70. Qe6 Kb7 71. Ke7 Kb8 72. Kd7 Ka7 73. Qb3 Ka8 74. Kc6 Ka7 75. Qb7# 1-0


[Site "https://www.chess.com"]

[Event "Early Titled Tuesday Blitz | February 8 2022"]
[White "Sadhwani, Raunak"]
[Black "Orozbaev, Eldiar"]
[WhiteFideId "35093487"]
[BlackFideId "13802240"]
[WhiteElo "2616"]
[BlackElo "2050"]
[Result "0-1"]
[Round "10"]
[TimeControl "180+1"]
[Date "2022.02.08"]
[WhiteClock "0:00:02"]
[BlackClock "0:00:15"]

1. d4 Nf6 2. Nf3 c5 3. d5 e6 4. c4 exd5 5. cxd5 d6 6. Nc3 g6 7. e4 Bg7 8. Bd3 O-O 9. O-O a6 10. a4 Bg4 11. h3 Bxf3 12. Qxf3 Nbd7 13. Qg3 Nh5 14. Qh2 Ne5 15. Be2 f5 16. exf5 Rxf5 17. f4 Rf7 18. g4 Nxf4 19. Bxf4 Qb6 20. Rab1 Qb4 21. Kh1 Re8 22. Bg3 Rfe7 23. Qg2 Nf7 24. Bf3 Ng5 25. Bxd6 Re3 26. Rbc1 b5 27. axb5 axb5 28. Bg3 Nxf3 29. Rxf3 Rxf3 30. Qxf3 Qxb2 31. Rf1 Rf8 32. Qe2 Rxf1+ 33. Qxf1 Qxc3 34. Bf4 Qd4 35. d6 b4 36. Qf3 c4 37. Bg3 b3 38. Qb7 b2 39. d7 Bf6 40. Kg2 Qd2+ 41. Bf2 Bh4 42. Qc8+ Kg7 43. Qc5 Qxd7 0-1


[Site "https://www.chess.com"]

[Event "Early Titled Tuesday Blitz | February 8 2022"]
[White "Sahil, Tickoo"]
[Black "Orlov, Georgi"]
[WhiteFideId "5019710"]
[BlackFideId "2011271"]
[WhiteElo "2099"]
[BlackElo "2468"]
[Result "0-1"]
[Round "10"]
[TimeControl "180+1"]
[Date "2022.02.08"]
[WhiteClock "0:00:08"]
[BlackClock "0:00:29"]

1. d4 Nf6 2. Bf4 c5 3. e3 Qb6 4. Nc3 d6 5. a3 cxd4 6. exd4 Nc6 7. Nf3 Bg4 8. Be3 d5 9. Be2 Bxf3 10. Bxf3 e6 11. O-O Bd6 12. b4 Rc8 13. Na4 Qc7 14. h3 Ne7 15. Rc1 b6 16. Qd3 Ng6 17. Nb2 O-O 18. c4 dxc4 19. Rxc4 Qb8 20. Rfc1 Nf4 21. Bxf4 Bxf4 22. Rxc8 Rxc8 23. Rxc8+ Qxc8 24. Qc4 Qd7 25. Nd3 Bd6 26. g3 g6 27. Kg2 Kg7 28. Qc6 Qxc6 29. Bxc6 Ng8 30. a4 Ne7 31. Be4 f5 32. Bb7 g5 33. a5 Kf6 34. axb6 axb6 35. f4 h6 36. Kf3 Ng6 37. Ne5 gxf4 38. gxf4 Bxe5 39. dxe5+ Ke7 40. Bc6 Kd8 41. Ke3 Ne7 42. Bb5 Nd5+ 43. Kf3 Nxb4 44. Bc4 Ke7 45. Ke3 Nc6 46. Bb5 Nb4 47. Kd4 Nd5 0-1


[Site "https://www.chess.com"]

[Event "Early Titled Tuesday Blitz | February 8 2022"]
[White "Saim, Mohamed Ilias"]
[Black "Murthy, Pappu"]
[WhiteFideId "7900465"]
[BlackFideId "2013401"]
[WhiteElo "2006"]
[BlackElo "1951"]
[Result "0-1"]
[Round "10"]
[TimeControl "180+1"]
[Date "2022.02.08"]
[WhiteClock "0:00:01"]
[BlackClock "0:00:18"]

1. d4 Nf6 2. Nf3 e6 3. e3 d5 4. Bd3 c5 5. b3 Be7 6. Nbd2 Nc6 7. a3 b6 8. Bb2 Bb7 9. Ne5 Nd7 10. f4 Ndxe5 11. dxe5 Bh4+ 12. g3 d4 13. gxh4 Qxh4+ 14. Ke2 dxe3 15. Nf3 Qxf4 16. Bb5 O-O 17. Rf1 Nd4+ 18. Nxd4 Qxh2+ 19. Kxe3 Qxe5+ 20. Kf2 cxd4 21. Qxd4 Qf5+ 22. Ke1 Qe4+ 23. Qxe4 Bxe4 24. Rg1 f6 25. Ke2 a6 26. Bd3 Bxd3+ 27. Kxd3 b5 28. Rae1 e5 29. Ke4 Rac8 30. Re2 Rfd8 31. Reg2 g6 32. Bc1 Rd4+ 33. Ke3 Rc3+ 34. Ke2 Rxc2+ 35. Kf3 Rxg2 36. Rxg2 Rd3+ 37. Ke2 Rxb3 38. Rg4 a5 39. Rg1 b4 40. Rd1 bxa3 41. Rd2 a4 42. Ra2 Kf7 43. Bxa3 Ke6 0-1


[Site "https://www.chess.com"]

[Event "Early Titled Tuesday Blitz | February 8 2022"]
[White "Samarth, J Rao"]
[Black "Praslov, Andrey"]
[WhiteFideId "46652370"]
[BlackFideId "4147863"]
[WhiteElo "1514"]
[BlackElo "2359"]
[Result "0-1"]
[Round "10"]
[TimeControl "180+1"]
[Date "2022.02.08"]
[WhiteClock "0:00:06"]
[BlackClock "0:00:10"]

1. e4 g6 2. d4 Bg7 3. c3 d6 4. Bd3 a6 5. Ne2 Nd7 6. O-O b5 7. Be3 Bb7 8. Qd2 Ngf6 9. f3 c5 10. Na3 Rc8 11. Bh6 O-O 12. Bxg7 Kxg7 13. Ng3 e5 14. d5 h6 15. Rac1 Kh7 16. c4 b4 17. Nc2 h5 18. Ne3 h4 19. Ne2 Nh5 20. Qe1 Qg5 21. Ng4 Rg8 22. Kh1 Rcf8 23. Ng1 Kh8 24. Nh3 Qe7 25. Nh6 Rg7 26. Qd2 Rh7 27. Ng4 f5 28. exf5 gxf5 29. Ngf2 Qf6 30. Qg5 Bc8 31. a3 Rg8 32. Qxf6+ Ndxf6 33. axb4 cxb4 34. b3 Ng3+ 35. hxg3 hxg3 36. Kg1 gxf2+ 37. Kxf2 Rh4 38. Rh1 Kg7 39. Ng5 Rxh1 40. Rxh1 Kg6 41. Nh3 Rh8 42. Nf4+ Kg7 43. Rxh8 Kxh8 44. Ne6 Bxe6 45. dxe6 f4 46. c5 dxc5 47. Bxa6 Ng8 48. Bc4 Ne7 49. g3 Kg7 50. gxf4 exf4 51. Ke2 Kf6 52. Kd3 Ke5 53. Ke2 Nc6 54. Kd3 Kf5 55. Bd5 Ne5+ 56. Kd2 Kf6 57. Ke2 Ke7 58. Kd2 Kd6 59. Be4 Kxe6 60. Kc2 Kd6 61. Kd2 Nc6 62. Kd3 Ne5+ 63. Kd2 c4 64. bxc4 Kc5 65. Kc2 Kxc4 66. Bf5 Nxf3 67. Be6+ Kc5 68. Kb3 Nd4+ 0-1


[Site "https://www.chess.com"]